 Dungeon Crawl Stone Soup version 0.20.0-15-g7f486f2 (webtiles) character file.

37 greprep the Sneak (level 3, 0/21 HPs)
             Began as an Octopode Enchanter on June 28, 2017.
             Shot with a stone by a goblin (6 damage)
             ... on level 2 of the Dungeon.
             The game lasted 00:01:41 (762 turns).

greprep the Sneak (Octopode Enchanter)               Turns: 762, Time: 00:01:42

Health: 0/21       AC:  1    Str:  7    XL:     3   Next: 39%
Magic:  6/6        EV: 13    Int: 18    God:
Gold:   87         SH:  0    Dex: 12    Spells: 5/6 levels left

rFire    . . .     SeeInvis .   e - +2 dagger (venom)
rCold    . . .     Gourm    .   (no shield)
rNeg     . . .     Faith    .   (helmet restricted)
rPois    .         Spirit   .   (no amulet)
rElec    .         Reflect  .   (no ring)
rCorr    .         Harm     .   (no ring)
MR       .....                  (no ring)
Stlth    ++++......             (no ring)
Regen    0.1/turn               (no ring)
MPRegen  0.1/turn               (no ring)
                                (no ring)
                                (no ring)

@: no status effects
A: almost no armour, stealthy swim, amphibious, 8 rings, constrict 8, camouflage
1, gelatinous body 1
a: no special abilities


You were on level 2 of the Dungeon.
You were not hungry.

You visited 1 branch of the dungeon, and saw 2 of its levels.

You collected 87 gold pieces.

Inventory:

Hand Weapons
 e - a +2 dagger of venom (weapon)
Scrolls
 d - a scroll of remove curse {unknown}
 g - a scroll of enchant armour {unknown}
Potions
 f - a potion of brilliance {unknown}
Books
 b - a book of Maledictions

   Spells                             Type                      Level
   a - Corona                         Hexes                        1
   b - Ensorcelled Hibernation        Hexes/Ice                    2
   c - Confuse                        Hexes                        3
   d - Tukima's Dance                 Hexes                        3
   e - Dazzling Spray                 Conjuration/Hexes            3
Comestibles
 a - 2 meat rations
 c - a bread ration


   Skills:
 - Level 1.0 Short Blades
 + Level 2.2 Dodging
 + Level 5.8 Stealth
 - Level 2.0 Spellcasting
 - Level 3.0 Hexes


You had 5 spell levels left.
You knew the following spells:

 Your Spells              Type           Power        Failure   Level  Hunger
a - Corona                Hex            ##.....      5%          1    #......


Dungeon Overview and Level Annotations

Branches:
Dungeon (2/15)

Altars:
Gozag


Innate Abilities, Weirdness & Mutations

You cannot wear most types of armour.
You are very stealthy in the water. (Stealth+)
You are amphibious.
You can wear up to eight rings at the same time.
You can use your tentacles to constrict eight enemies at once.
Your skin changes colour to match your surroundings (Stealth+).
Your rubbery body absorbs attacks. (AC +1, EV +1)


Message History

* * * LOW HITPOINT WARNING * * *
The kobold barely misses you.
You completely miss the kobold. You grab the kobold. You constrict the kobold.
The kobold barely misses you.
You release your grip on the kobold.
You barely miss the kobold. Your grab misses the kobold.
The kobold is moderately wounded.
The kobold closely misses you. The worm misses you.
You see here a stone.
The kobold closely misses you.
You see here a dagger.
You barely miss the kobold. You grab the kobold. You constrict the kobold.
The kobold completely misses you.
A goblin comes into view.
You release your grip on the kobold.
The goblin shoots a stone.
The stone barely misses you.
The goblin shoots a stone.
The stone barely misses you.
The goblin shoots a stone.
The stone hits you.
You die...

.## ...#.# ##.#.#.#
# #......#
...##.######.##.#.#
.......@.K...##.#.#
#.#.#........##.#.#
#.........##.#.#
#.#...#......w))#
.. #.......(g###w##
.. #.......#.# #..#
# #.......#.###g(#
##......#.....(#
#.#.##.#.####.##


You could see a goblin and a kobold.

Vanquished Creatures
  2 adders (D:2)
  A leopard gecko (D:2)
  2 bats
  5 goblins
  3 hobgoblins
  3 kobolds
16 creatures vanquished.

Notes
Turn   | Place    | Note
-------+----------+-------------------------------------------
     0 | D:1      | greprep the Octopode Enchanter began the quest for the Orb.
     0 | D:1      | Reached XP level 1. HP: 11/11 MP: 3/3
   354 | D:1      | Reached XP level 2. HP: 17/17 MP: 5/5
   579 | D:2      | Reached skill level 5 in Stealth
   594 | D:2      | Found an opulent altar of Gozag.
   702 | D:2      | Reached XP level 3. HP: 21/21 MP: 6/6
   762 | D:2      | Shot with a stone by a goblin

Skill      XL: |  1  2 |
---------------+-------+-----
Stealth        | 5 |  5.8
Short Blades   | |  1.0
Dodging        | |  2.2
Spellcasting   | |  2.0
Hexes          | |  3.0

Action                   || total
-------------------------++-------
Melee: Dagger            ||    30
       Constrict         ||     8
       Tentacles         ||     3
 Stab: Sleeping          ||     8
Dodge: Dodged            ||    22
